Map: Terraform LE (Void)

Players

StoubyW

  • Race: Zerg Zerg
  • League: Silver

SticklerMac - Winner!

  • Race: Zerg Zerg
  • League: Silver

VOD

https://www.youtube.com/watch?v=jiyYIV4spuQ

Description

Time

  • Played on: Oct. 22, 2015, 2:38 p.m.
  • Length: 7:45
Show
View Real Time Build Order
Export as new Build Order

StoubyW Zerg 

Build Orders: Pool First, Zergling Baneling 

Get SALT Encoding   

  12  0:02  Drone  
  13  0:09  Drone  
  14  0:16  Extractor  
  14  0:17  Extractor  
  14  0:18  Drone  
  13  0:23  Drone  
  16  0:28  Overlord  
  16  0:43  Extractor  
  16  0:48  Drone x2  
  17  0:55  Spawning Pool  
  16  0:57  Drone  
  17  1:06  Drone  
  18  1:18  Drone  
  19  1:28  Drone  
  20  1:39  Overlord  
  20  1:44  Metabolic Boost  
  20  1:46  Queen  
  22  2:01  Drone  
  23  2:04  Drone  
  23  2:05  Hatchery  
  23  2:17  Baneling Nest  
  23  2:22  Queen  
  24  2:26  Zergling x4  
  26  2:33  Zergling x2  
  27  2:43  Zergling x2  
  28  2:54  Zergling x2  
  29  3:00  Zergling x2  
  29  3:03  Baneling x4  
  29  3:04  Baneling  
  30  3:11  Overlord x2  
  30  3:27  Zergling x4  
  30  3:28  Zergling x4  
  34  3:36  Zergling x2  
  34  3:37  Zergling x2  
  34  3:39  Drone, Zergling x2  
  38  4:05  Zergling x6  
  38  4:06  Zergling x6  
  40  4:12  Baneling  
  35  4:21  Zergling x6  
  32  4:29  Baneling x2  
  32  4:30  Zergling x2, Baneling x2  
  32  4:31  Zergling x8  
  31  5:08  Zergling x14  
  31  5:09  Zergling x2  
  31  5:10  Zergling x2  
  31  5:13  Baneling x3  
  39  5:24  Zergling x2  
  39  5:25  Zergling x2  
  41  5:30  Zergling x2  
  41  5:31  Zergling x2  
  43  5:41  Baneling x3  
  43  5:42  Baneling  
  41  5:43  Zergling x2  
  41  5:44  Zergling x2  
  39  6:13  Drone x5  
  39  6:18  Drone  
  45  6:25  Roach Warren  
  45  6:26  Drone x2, Extractor  
  45  6:35  Zergling x4  
  30  6:59  Drone x3  
  6  7:30  Extractor  
Show
View Real Time Build Order
Export as new Build Order

SticklerMac Zerg - Winner!

Build Orders: Pool First, Zergling Baneling 

Get SALT Encoding   

  12  0:01  Drone  
  13  0:13  Overlord  
  13  0:17  Drone  
  14  0:31  Drone x2  
  16  0:36  Drone  
  17  0:48  Drone  
  18  0:50  Extractor  
  18  0:53  Spawning Pool  
  18  0:56  Drone  
  17  1:13  Drone  
  18  1:23  Hatchery  
  18  1:25  Drone  
  18  1:41  Queen  
  18  1:46  Zergling x2  
  21  1:50  Metabolic Boost  
  21  1:52  Zergling x2  
  22  1:58  Overlord  
  22  2:07  Overlord  
  22  2:21  Drone  
  23  2:24  Zergling x2  
  24  2:34  Drone  
  24  2:35  Drone  
  26  2:40  Baneling Nest  
  25  2:49  Queen  
  25  2:50  Zergling x2  
  25  2:51  Zergling x6  
  31  2:53  Zergling x2  
  32  3:01  Drone  
  32  3:02  Drone  
  34  3:07  Drone  
  34  3:08  Drone  
  36  3:18  Drone  
  36  3:19  Drone  
  38  3:31  Zergling x8  
  42  3:36  Baneling x2  
  42  3:37  Baneling x5  
  42  3:39  Baneling x2  
  42  3:41  Baneling  
  42  3:42  Zergling x4  
  44  3:55  Overlord x2  
  44  4:06  Zergling x2  
  40  4:22  Zergling x4  
  40  4:24  Zergling x4  
  40  4:25  Zergling x4  
  40  4:31  Baneling x4  
  44  4:32  Zergling x2  
  45  4:41  Zergling x4  
  45  4:56  Hatchery  
  36  5:07  Zergling x12  
  36  5:08  Zergling x8  
  36  5:14  Zergling x2  
  46  5:18  Zergling x2  
  43  5:26  Zergling x4  
  45  5:28  Baneling x2  
  45  5:29  Baneling x4  
  44  5:35  Zergling x2  
  44  5:44  Zergling x4  
  45  5:55  Zergling x4  
  45  5:56  Zergling x6  
  50  5:59  Zergling x2  
  50  6:00  Zergling x4  
  50  6:01  Baneling x2  
  50  6:02  Baneling x2  
  50  6:03  Zergling x2  
  51  6:07  Zergling x2  
  51  6:13  Zergling x2  
  51  6:16  Baneling  
  52  6:32  Zergling x12  
  58  6:34  Queen  
  58  6:35  Queen  
  64  6:49  Zergling x4  
  52  7:08  Zergling x16  
  53  7:12  Baneling  
  50  7:17  Zergling x2  
  44  7:27  Hatchery  
  44  7:28  Zergling x2  
Tags
 
Add a new tag
Caveats
  • Supply blocks, unpowered buildings, or Contaminate may cause inaccurate times.
  • Supply counts are checked every 10 seconds.